 Dungeon Crawl Stone Soup version 0.24.0-29-g8ce449bc06 (webtiles) character file.

Game seed: 17742547866443051797, levelgen mode: deterministic

21373 Mrkan the Fighter (level 12, -9/127 HPs)
             Began as a Troll Hunter on Nov 16, 2019.
             Was a High Priest of Wu Jian.
             Mangled by a six-headed hydra (12 damage)
             ... on level 4 of the Lair of Beasts.
             The game lasted 00:25:50 (11350 turns).

Mrkan the Fighter (Troll Hunter)                   Turns: 11350, Time: 00:25:51

Health: -9/127     AC: 11    Str: 23    XL:     12   Next: 53%
Magic:  11/11      EV: 10    Int: 11    God:    Wu Jian [*****.]
Gold:   843        SH: 16    Dex: 12    Spells: 11/11 levels left

rFire    . . .     SeeInvis .     - Unarmed
rCold    . . .     Gourm    +   N - +5 shield {AC+3}
rNeg     + . .     Faith    .   b - +0 robe
rPois    +         Spirit   .   (helmet restricted)
rElec    +         Reflect  .   r - +1 cloak
rCorr    .         Harm     .   (gloves unavailable)
MR       .....                  (boots unavailable)
Stlth    +.........             n - amulet of regeneration
HPRegen  1.11/turn              L - ring of Fiag {*Drain rElec rPois rN+ Dex+2}
MPRegen  0.12/turn              M - +1 ring of slaying

@: no status effects
A: large, unfitting armour, claws 3, fast metabolism 3, gourmand, regeneration
1, shaggy fur 1, tough skin 3
a: Wall Jump, Serpent's Lash, Heavenly Storm, Renounce Religion


You were on level 4 of the Lair of Beasts.
You worshipped Wu Jian.
Wu Jian was extremely pleased with you.
You were very full.

You visited 2 branches of the dungeon, and saw 16 of its levels.
You also visited: Ossuary.

You collected 1131 gold pieces.
You spent 288 gold pieces at shops.

Inventory:

Missiles
 c - 3 large rocks (quivered)
 d - 4 throwing nets
 P - 22 poisoned darts
Armour
 b - a +0 robe (worn)
 r - a +1 cloak (worn)
 N - a +5 shield of protection (worn)
Jewellery
 g - a +3 ring of evasion
 n - an amulet of regeneration (around neck)
 C - an uncursed amulet of the acrobat
 F - a +3 ring of strength
 H - an uncursed ring of protection from cold
 L - the ring of Fiag (left claw) {*Drain rElec rPois rN+ Dex+2}
   (You found it on level 8 of the Dungeon)

   [ring of dexterity]

   It affects your dexterity (+2).
   It insulates you from electricity.
   It protects you from poison.
   It protects you from negative energy.
   It causes draining when unequipped.
 M - a +1 ring of slaying (right claw)
 X - an uncursed ring of poison resistance {unknown}
Wands
 j - a wand of acid (10)
 y - a wand of random effects (21)
 J - a wand of enslavement (5)
 O - a wand of scattershot (11)
 Q - a wand of digging (6)
 R - a wand of flame (15)
 U - a wand of paralysis (10)
Scrolls
 i - 6 scrolls of remove curse
 k - 14 scrolls of identify
 l - 10 scrolls of teleportation
 p - 3 scrolls of enchant weapon
 u - a scroll of immolation
 w - a scroll of magic mapping
 D - 3 scrolls of fog
 E - 3 scrolls of blinking
 G - 3 scrolls of random uselessness
 I - 2 scrolls of enchant armour
 K - 3 scrolls of amnesia
 T - a scroll of fear
Potions
 a - 3 potions of heal wounds
 e - 4 potions of agility {unknown}
 h - a potion of degeneration {unknown}
 m - 5 potions of lignification {unknown}
 o - 4 potions of cancellation {unknown}
 q - a potion of resistance
 s - a potion of berserk rage {unknown}
 t - 4 potions of might
 v - 6 potions of curing {unknown}
 x - 3 potions of brilliance {unknown}
 A - a potion of flight {unknown}
 B - 3 potions of haste {unknown}
 S - 2 potions of invisibility {unknown}
 V - a potion of mutation {unknown}
 W - a potion of experience {unknown}
 Y - a potion of ambrosia {unknown}
Miscellaneous
 z - a lamp of fire
Comestibles
 f - 23 rations


   Skills:
 + Level 10.4 Fighting
 - Level 10.0 Throwing
 - Level 1.5 Dodging
 - Level 0.3 Stealth
 - Level 9.0 Shields
 - Level 9.3 Unarmed Combat


You had 11 spell levels left.
You didn't know any spells.
Your spell library contained the following spells:

 Spells                   Type           Power        Failure   Level  Hunger
 Apportation              Tloc           #.....       34%         1    ##.....
 Corona                   Hex            #......      34%         1    ##.....
 Freeze                   Ice            #...         34%         1    ##.....
 Magic Dart               Conj           #...         34%         1    ##.....
 Sandblast                Erth           #.....       34%         1    ##.....
 Summon Butterflies       Summ           #.......     34%         1    ##.....
 Ensorcelled Hibernation  Hex/Ice        #.....       47%         2    ###....
 Passwall                 Tmut/Erth      #.......     47%         2    ###....
 Searing Ray              Conj           #.....       47%         2    ###....
 Throw Frost              Conj/Ice       #.....       47%         2    ###....
 Confuse                  Hex            #.......     71%         3    ####...
 Dazzling Spray           Conj/Hex       #.....       71%         3    ####...
 Lesser Beckoning         Tloc           #.........   71%         3    ####...
 Ozocubu's Armour         Chrm/Ice       #.......     71%         3    ####...
 Stone Arrow              Conj/Erth      #.....       71%         3    ####...
 Tukima's Dance           Hex            #.......     71%         3    ####...
 Force Lance              Conj/Tloc      #.......     98%         4    #####..
 Fulminant Prism          Conj/Hex       #.........   98%         4    #####..
 Iskenderun's Mystic Bla  Conj           #.......     98%         4    #####..
 Petrify                  Tmut/Erth      #.......     98%         4    #####..
 Summon Ice Beast         Ice/Summ       #.......     98%         4    #####..
 Throw Icicle             Conj/Ice       #.......     98%         4    #####..
 Alistair's Intoxication  Tmut/Pois      #.......     100%        5    ######.
 Lee's Rapid Deconstruct  Erth           #.........   100%        5    ######.
 Invisibility             Hex            #.......     100%        6    #######


Dungeon Overview and Level Annotations

Branches:
Dungeon (12/15)            Temple (0/1) D:6            Lair (4/6) D:9
 Spider (0/4) Lair:4          Orc (0/2) D:11        Ossuary (visited)
  Swamp: Lair:2-4    Shoals: Lair:2-4

Altars:
Fedhas
Kikubaaqudgha
Makhleb
Nemelex Xobeh
Qazlal
Ru
Trog
Uskayaw
Wu Jian
The Shining One
Beogh

Shops:
D:9 (   D:10 (%[?

Annotations:
D:7 3 runed translucent doors, Name63's ghost, novice GnNe
Lair:2 2 transporters


Innate Abilities, Weirdness & Mutations

You are too large for most types of armour.
You have claws for hands.
Your metabolism is lightning-fast.
You like to eat raw meat.
Your natural rate of healing is unusually fast.
You are covered in fur. (AC +1)
You have extremely tough skin. (AC +3)


Message History

You feel much better.
You block the six-headed hydra's attack.
The six-headed hydra bites you!
* * * LOW HITPOINT WARNING * * *
You block the six-headed hydra's attack. x2
The six-headed hydra bites you!
* * * LOW HITPOINT WARNING * * *
The six-headed hydra bites you.
* * * LOW HITPOINT WARNING * * *
Throwing (i - inventory. (/) - cycle)
c - 4 large rocks (quivered)
Press: ? - help, Shift-Dir - straight line, f/p - six-headed hydra
Aim: a six-headed hydra (severely wounded)
You throw a large rock.
The large rock hits the six-headed hydra!
The six-headed hydra is almost dead.
The six-headed hydra bites you!
* * * LOW HITPOINT WARNING * * *
You block the six-headed hydra's attack. x4
The six-headed hydra bites you!
You die...

...# ## ##
##..#####.#
###(###...P..P.##.
#.................
#.................
#.................
..........(..).... #
...##...##D#.#P## ##
######@## ####P .
#..# #.... P.
#####.P## #.... #.
###P..#...###
###....
##.##PPP........#
#......
###..#.......>....#
#......
...................+
#.)....
...##....####.(.#.##
###.... ........##
#......... ##....


You could see a six-headed hydra.

Vanquished Creatures
  Josephine (D:12)
  Erolcha (D:10)
  3 hydras
  Erica (Lair:2)
  2 two-headed ogres
  Nergalle (Lair:1)
  3 skeletal warriors (D:11)
  A manticore (D:8)
  Joseph (D:8)
  2 black mambas
  Maurice (D:9)
  A gargoyle (D:10)
  2 spiny frogs
  A rime drake (Lair:3)
  A komodo dragon (Lair:1)
  2 trolls
  Grinder (D:6)
  4 hippogriffs
  6 blink frogs
  A wyvern (Lair:3)
  2 wraiths (D:12)
  7 yaks
  A basilisk (Lair:2)
  2 hungry ghosts (D:9)
  A human (D:9)
  A water moccasin (Lair:3)
  4 porcupines
  3 black bears
  6 orc warriors
  3 ice beasts
  A necrophage (D:7)
  A phantom (D:5)
  6 sky beasts
  5 ogres
  6 centaurs
  4 crocodiles
  A big kobold (D:10)
  11 bullfrogs
  A gnoll sergeant (D:10)
  A wyvern skeleton (D:6)
  4 killer bees (D:11)
  2 jellies
  2 howler monkeys
  5 crimson imps
  A bullfrog zombie (D:12)
  8 hounds
  Crazy Yiuf (D:2)
  7 orc priests
  2 bullfrog skeletons
  3 iguanas
  10 orc wizards
  6 worker ants
  4 big kobold zombies (Ossuary)
  3 hound skeletons
  2 mummies (Ossuary)
  3 worker ant zombies
  3 gnolls (D:10)
  7 adders
  A shadow imp (D:11)
  An ooze (D:3)
  5 adder zombies
  2 adder skeletons
  2 worms
  2 dart slugs
  7 leopard geckos
  73 orcs
  A ball python (D:2)
  4 giant cockroaches
  2 gnoll zombies (Ossuary)
  5 hobgoblins
  11 jackals
  2 quokkas
  A ball python skeleton (D:4)
  5 bats
  2 frilled lizards
  9 goblins
  4 hobgoblin zombies (Ossuary)
  A jackal skeleton (D:6)
  13 kobolds
  3 kobold zombies (Ossuary)
  5 orc zombies (Ossuary)
  2 quokka zombies
  4 rats
  A fungus (Lair:2)
344 creatures vanquished.

Notes
Turn   | Place    | Note
-------+----------+-------------------------------------------
     0 | D:1      | Mrkan the Troll Hunter began the quest for the Orb.
     0 | D:1      | Reached XP level 1. HP: 19/19 MP: 0/0
   224 | D:1      | Reached skill level 1 in Unarmed Combat
   253 | D:1      | Reached XP level 2. HP: 28/28 MP: 1/1
   760 | D:2      | Reached XP level 3. HP: 8/35 MP: 2/2
  1044 | D:2      | Reached XP level 4. HP: 44/44 MP: 3/3
  1224 | D:2      | Found a runed translucent door.
  1225 | D:2      | Noticed Crazy Yiuf
  1332 | D:2      | Killed Crazy Yiuf
  1560 | D:3      | Found a stormy altar of Qazlal.
  1821 | D:3      | Reached XP level 5. HP: 45/50 MP: 4/4
  1952 | D:3      | Found a hide-covered altar of Uskayaw.
  1954 | D:3      | Found a sparkling altar of Nemelex Xobeh.
  2584 | D:5      | Entered Level 5 of the Dungeon
  2599 | D:5      | Noticed a phantom
  2617 | D:5      | Killed a phantom
  2617 | D:5      | Reached XP level 6. HP: 48/61 MP: 5/5
  2621 | D:5      | Noticed a sky beast
  2633 | D:5      | Killed a sky beast
  2633 | D:5      | Reached skill level 5 in Unarmed Combat
  2652 | D:5      | Found an ornate altar of the Wu Jian Council.
  2675 | D:5      | Became a worshipper of the Wu Jian Council
  2754 | D:5      | Reached XP level 7. HP: 18/68 MP: 6/6
  3190 | D:6      | Found a sacrificial altar of Ru.
  3200 | D:6      | Found a sand-covered staircase.
  3209 | Ossuary  | Entered an ossuary
  3299 | Ossuary  | Reached * piety under Wu Jian
  3397 | D:6      | Noticed Grinder
  3430 | D:6      | Killed Grinder
  3430 | D:6      | Reached XP level 8. HP: 36/79 MP: 7/7
  3545 | D:6      | Reached skill level 5 in Fighting
  3767 | D:6      | Found a staircase to the Ecumenical Temple.
  4208 | D:7      | Found a runed translucent gate.
  4208 | D:7      | Found a runed translucent gate.
  4209 | D:7      | Found a runed translucent gate.
  4209 | D:7      | Noticed Name63's ghost (novice GnNe)
  4289 | D:7      | Reached ** piety under Wu Jian
  4524 | D:7      | Reached XP level 9. HP: 55/88 MP: 8/8
  4870 | D:7      | Found a glowing golden altar of the Shining One.
  5009 | D:8      | Reached skill level 5 in Throwing
  5063 | D:8      | Noticed Joseph
  5072 | D:8      | Killed Joseph
  5154 | D:8      | Noticed a manticore
  5164 | D:8      | Killed a manticore
  5349 | D:8      | Found a burning altar of Makhleb.
  5702 | D:8      | Got a smoking tin ring
  5775 | D:9      | Found a bloodstained altar of Trog.
  5834 | D:9      | Found a staircase to the Lair.
  5885 | D:9      | Noticed a two-headed ogre
  5887 | D:9      | Reached XP level 10. HP: 89/101 MP: 9/9
  5892 | D:9      | Killed a two-headed ogre
  5892 | D:9      | Reached *** piety under Wu Jian
  5915 | D:9      | Found Deyco's Weapon Boutique.
  5935 | D:9      | Noticed Maurice
  5944 | D:9      | Killed Maurice
  6133 | D:9      | Found a blossoming altar of Fedhas.
  6136 | D:9      | Found an ancient bone altar of Kikubaaqudgha.
  6452 | D:10     | Entered Level 10 of the Dungeon
  6452 | D:10     | Found Fiummu's Food Shop.
  6536 | D:10     | Noticed a gargoyle
  6542 | D:10     | Killed a gargoyle
  6638 | D:10     | Found Emeraez's Magic Scroll Boutique.
  6800 | D:10     | Found Juojyso's Armour Emporium.
  6807 | D:10     | Reached skill level 10 in Throwing
  6817 | D:10     | Bought a +1 shield of protection for 198 gold pieces
  6880 | D:10     | Found Iheaw's Weapon Shop.
  7039 | D:10     | Bought a scroll of enchant armour for 90 gold pieces
  7062 | D:10     | Noticed Erolcha
  7069 | D:10     | Killed Erolcha
  7069 | D:10     | Reached XP level 11. HP: 43/112 MP: 10/10
  7142 | D:10     | Found a roughly hewn altar of Beogh.
  7169 | D:10     | Reached **** piety under Wu Jian
  7546 | D:11     | Found a staircase to the Orcish Mines.
  7900 | D:11     | Noticed a skeletal warrior
  7900 | D:11     | Noticed a skeletal warrior
  7908 | D:11     | Noticed a skeletal warrior
  7928 | D:11     | Killed a skeletal warrior
  7930 | D:11     | Killed a skeletal warrior
  7941 | D:11     | Killed a skeletal warrior
  8095 | D:11     | Reached ***** piety under Wu Jian
  8408 | D:12     | Reached skill level 5 in Shields
  8445 | D:12     | Noticed a two-headed ogre
  8454 | D:12     | Killed a two-headed ogre
  8509 | D:12     | Noticed Josephine
  8514 | D:12     | Noticed a brown ugly thing
  8519 | D:12     | Noticed a brown ugly thing
  8543 | D:12     | Killed Josephine
  8699 | D:9      | Identified the ring of Fiag {*Drain rElec rPois rN+ Dex+2}
                  | (You found it on level 8 of the Dungeon)
  8737 | Lair:1   | Entered Level 1 of the Lair of Beasts
  8737 | Lair:1   | Noticed a four-headed hydra
  8741 | Lair:1   | Killed a four-headed hydra
  8965 | Lair:1   | You fall into a shaft and drop 1 floor!
  8974 | Lair:2   | Found a transporter.
  8992 | Lair:1   | Noticed Nergalle
  9008 | Lair:1   | Killed Nergalle
  9042 | Lair:1   | Noticed a seven-headed hydra
  9047 | Lair:1   | Killed a seven-headed hydra
  9047 | Lair:1   | Reached XP level 12. HP: 54/126 MP: 11/11
  9323 | Lair:1   | You fall into a shaft and drop 1 floor!
  9715 | Lair:2   | Noticed Erica
  9724 | Lair:2   | Killed Erica
  9940 | Lair:2   | Found a transporter.
 10376 | Lair:3   | Reached skill level 10 in Fighting
 11213 | Lair:4   | Found a hole to the Spider Nest.
 11234 | Lair:4   | Noticed a six-headed hydra
 11290 | Lair:4   | Killed a seven-headed hydra
 11330 | Lair:4   | Noticed a five-headed hydra
 11350 | Lair:4   | HP: 3/127 [six-headed hydra (16)]
 11350 | Lair:4   | Mangled by a six-headed hydra

Levels and vault maps discovered:
D:1:      dpeg_arrival_arbitrary_b, layout_loops_ring
D:2:      layout_rooms, minmay_tromino_i4, uniq_crazy_yiuf_cottage
D:3:      layout_loops_ring, lemuel_round_altar, nicolae_overflow_hidden_temple,
          first_ration
D:4:      layout_rooms, guppyfry_early_lair_pool
D:5:      layout_cave_pools, lemuel_crystal_altar
D:6:      hangedman_cross_stitches, layout_cave_pools, kennysheep_mini_moat,
          minmay_temple_entry_enclosed_plants, nicolae_ossuary_entry_monument,
          uniq_grinder
D:7:      layout_cave_pods, ebering_ghost_rock_garden,
          nicolae_tso_carved_into_rock
D:8:      layout_basic, bloody_makhleb, uniq_joseph
D:9:      layout_roguey, grunt_temple_overflow_growth_and_decay,
          trog_ov_bears_minmay, lair_entry_dummy, serial_shops, shop,
          grunt_pizzeria, uniq_maurice
D:10:     layout_roguey [special_room_orc], serial_shops, shop, shop, shop,
          nicolae_shop_window_shopping, uniq_erolcha
D:11:     layout_small_grid, hiddenorc2_lemuel, serial_rivers,
          chequers_serial_rivers_small_b, chequers_serial_rivers_marsh,
          chequers_serial_rivers_marsh, chequers_serial_rivers_micro_d
D:12:     layout_roguey, gauntlet_entry_generic, minmay_shattered_shrine,
          uniq_fannar, uniq_josephine
Lair:1:   layout_long_grid, uniq_nergalle
Lair:2:   gammafunk_cloud_chamber, layout_misc_corridors, minivault_27,
          grunt_megastairs_2, uniq_erica
Lair:3:   layout_gridlike, minmay_stone_trees_small, st_stairs_9
Lair:4:   layout_gridlike, minmay_swamp_entry_worms,
          nicolae_spider_entry_orb_guardian, serial_bayou_pond_d,
          chequers_serial_rivers_room_a, beast_lair_carwin_11

Skill      XL: |  1  2  3  4  5  6  7  8  9 10 11 12 |
---------------+-------------------------------------+-----
Unarmed Combat | 1 2 3 4 5 7 9 |  9.3
Fighting       | 2 3 4 5 7 8 9 10 | 10.4
Throwing       | 4 7 10 | 10.0
Shields        | 2 7 9 |  9.0
Dodging        | |  1.5
Stealth        | |  0.3

Action                   |  1- 3 |  4- 6 |  7- 9 | 10-12 || total
-------------------------+-------+-------+-------+-------++-------
Melee: Unarmed           |    89 |   142 |   341 |   606 ||  1178
       Punch             |       |       |    11 |     5 ||    16
Throw: Large rock        |       |       |       |    16 ||    16
Invok: Lunge             |       |     1 |    19 |    39 ||    59
       Whirlwind         |       |       |    14 |    41 ||    55
  Use: Scroll            |       |       |    14 |     4 ||    18
       Potion            |       |       |       |     3 ||     3
 Stab: Distracted        |       |       |       |     1 ||     1
       Sleeping          |       |       |       |     1 ||     1
  Eat: Chunk             |    10 |    21 |    31 |    55 ||   117
       Ration            |       |       |       |     1 ||     1
Armor: Robe              |    46 |    87 |    96 |   109 ||   338
Dodge: Dodged            |    56 |   106 |   119 |   200 ||   481
Block: Shield            |       |       |       |   289 ||   289
